 Dungeon Crawl Stone Soup version 0.27-a0-1181-g5f64966fcc (webtiles) character file.

Game seed: 10883445914221533155

739 Mesmaeker13 the Magician (level 7, -1/46 HPs)
             Began as a Mummy Summoner on May 17, 2021.
             Slain by a wyvern zombie (9 damage)
             ... on level 6 of the Dungeon.
             The game lasted 00:12:32 (6564 turns).

Mesmaeker13 the Magician (Mummy Summoner)           Turns: 6564, Time: 00:12:32

Health: -1/46      AC:  8    Str: 17    XL:     7   Next: 46%
Magic:  13/16      EV: 11    Int: 17    God:
Gold:   283        SH:  4    Dex: 12    Spells: 8/18 levels left

rFire    . . .     SeeInvis .   u - +2 mace (protect)
rCold    + . .     Faith    .   q - +0 buckler
rNeg     + + +     Spirit   .   y - +2 leather armour {rC+}
rPois    ∞         Reflect  .   o - +1 hat
rElec    .         Harm     .   t - +0 cloak
rCorr    .         Rampage  .   r - +0 pair of gloves
Will     .....                  (no boots)
Stlth    +.........             k - amulet of magic regeneration
HPRegen  0.15/turn              e - +6 ring of strength
MPRegen  0.40/turn              g - ring of fire

@: no status effects
A: cold resistance 1, negative energy resistance 3, torment resistance 2, heat
vulnerability 1, no potions
a: no special abilities


You were on level 6 of the Dungeon.
You visited 1 branch of the dungeon, and saw 6 of its levels.

You collected 283 gold pieces.

Inventory:

Hand Weapons
 b - a +2 dagger of venom
 n - a +0 spear
 u - a +2 mace of protection (weapon)
Missiles
 s - 16 poisoned darts (quivered)
Armour
 o - a +1 hat (worn)
 q - a +0 buckler (worn)
 r - a +0 pair of gloves (worn)
 t - a +0 cloak (worn)
 x - a +0 kite shield
 y - a +2 leather armour of cold resistance (worn)
Magical Staves
 m - a staff of earth
Jewellery
 e - a +6 ring of strength (left hand)
 g - a ring of fire (right hand)
 h - a ring of willpower
 j - an amulet of faith
 k - an amulet of magic regeneration (around neck)
Scrolls
 c - a scroll of silence {unknown}
 d - a scroll of noise
 f - a scroll of magic mapping {unknown}
 i - 2 scrolls of enchant weapon
 l - a scroll of blinking {unknown}
 p - a scroll of immolation {unknown}
 v - a scroll of brand weapon {unknown}
 w - a scroll of summoning {unknown}


   Skills:
 - Level 2.1 Dodging
 - Level 1.5 Stealth
 + Level 3.2 Shields
 + Level 6.1 Spellcasting
 + Level 5.1 Summonings
 + Level 1.3 Air Magic


You had 8 spell levels left.
You knew the following spells:

 Your Spells              Type           Power      Damage    Failure   Level
a - Summon Small Mammal   Summ           88%        N/A       1%          1
b - Call Imp              Summ           22%        N/A       3%          2
c - Call Canine Familiar  Summ           22%        N/A       6%          3
d - Summon Lightning Spi  Summ/Air       16%        N/A       41%         4

Your spell library contained the following spells:

 Spells                   Type           Power      Damage    Failure   Level
 Summon Guardian Golem    Hex/Summ       13%        N/A       17%         3
 Confusing Touch          Hex            5%         N/A       45%         3
 Gell's Gravitas          Tloc           2%         N/A       45%         3
 Summon Ice Beast         Ice/Summ       13%        N/A       50%         4
 Petrify                  Tmut/Erth      5%         N/A       86%         4
 Metabolic Englaciation   Hex/Ice        2%         N/A       99%         5
 Yara's Violent Unravell  Hex/Tmut       2%         3d3       99%         5


Dungeon Overview and Level Annotations

Branches:
Dungeon (6/15)             Temple (0/1) D:6

Altars:
Kikubaaqudgha
Okawaru
Trog
Wu Jian
Xom
The Shining One


Innate Abilities, Weirdness & Mutations

You are immune to poison.
Your flesh is cold resistant. (rC+)
You are immune to negative energy. (rN+++)
You are immune to unholy pain and torment.
You are vulnerable to heat. (rF-)
You do not drink.


Message History

An electric hum fills the air.
You start resting.
Magic restored.
You start waiting.
A wyvern zombie is nearby!
Your lightning spire disappears in a puff of smoke!
Found a stone staircase leading up.
Your hound bites the wyvern zombie.
Your hound closely misses the wyvern zombie.
The wyvern zombie bites you.
Casting: Summon Lightning Spire (quite dangerous; 41% risk of failure)
Confirm with . or Enter, or press ? or * to list all spells.
The spell is quite dangerous to cast (41% risk of failure)!
Continue anyway?
You miscast Summon Lightning Spire.
You are very lightly contaminated with residual magic.
You are blasted with air!
Your hound barely misses the wyvern zombie.
The wyvern zombie bites you.
Unknown command.
Your hound bites the wyvern zombie.
Your hound barely misses the wyvern zombie.
The wyvern zombie bites you but does no damage.
Your hound bites the wyvern zombie.
Your hound disappears in a puff of smoke!
The wyvern zombie bites you but does no damage.
Casting: Summon Lightning Spire (quite dangerous; 41% risk of failure)
Confirm with . or Enter, or press ? or * to list all spells.
A beastly little devil appears in a puff of frigid air.
The wyvern zombie bites you but does no damage.
The wyvern zombie bites you! You block the wyvern zombie's attack.
Your white imp hits the wyvern zombie but does no damage.
Casting: Call Imp (safe; 3% risk of failure)
Confirm with . or Enter, or press ? or * to list all spells.
A shadowy apparition takes form in the air.
The wyvern zombie bites you!
* * * LOW HITPOINT WARNING * * *
Your white imp hits the wyvern zombie but does no damage.
Your magical contamination has completely faded away.
The wyvern zombie barely misses you. The wyvern zombie bites you!
You die...

:'>#.')# #..# #.## .###Z###
#..# #.# ..... #####..#####
#.# ##'# #.......§...#####
#.# ... ######..........#
#.# ?. ##<..##.###.# #.## .
........#5# ##...
####.#.#.Z# #.... #.[###@#
#.### ###.#5.# #.# #..#.#
#.# #..#.# #.# #..#.# #.#
#..#÷# #.# # #..#.###.# #.#
# #........# ##.###
#.######.#.###########...##


You could see a wyvern zombie (ally target), a friendly white imp (summoned) and
a friendly shadow imp (summoned).

Vanquished Creatures
  A centaur (D:5)
  A water moccasin skeleton (D:6)
  A bullfrog zombie (D:6)
  A hound (D:5)
  A centaur skeleton (D:6)
  An iguana (D:5)
  A killer bee zombie (D:6)
  An adder (D:2)
  An adder skeleton (D:4)
  A worm (D:3)
  2 dart slugs (D:5)
  An orc (D:4)
  4 bats
  A giant cockroach (D:4)
  A goblin (D:2)
  2 hobgoblins (D:1)
  A jackal (D:4)
  2 quokkas (D:1)
  4 ball pythons
  2 frilled lizards
  2 kobolds
  3 rats
35 creatures vanquished.

Vanquished Creatures (collateral kills)
  Menkaure (D:5)
  A black bear (D:4)
  2 ogres (D:6)
  A necrophage (D:5)
  2 phantoms
  A scorpion (D:5)
  A bullfrog skeleton (D:5)
  3 hounds
  An iguana (D:4)
  3 adders
  An adder skeleton (D:4)
  2 worms (D:3)
  3 dart slugs
  5 orcs
  3 ball pythons
  A bat (D:1)
  3 endoplasms
  A giant cockroach (D:1)
  2 hobgoblins (D:4)
  6 jackals
  2 kobolds (D:1)
  3 frilled lizards
  A goblin (D:1)
  A rat (D:1)
50 creatures vanquished.

Vanquished Creatures (others)
  4 withered plants (D:6)
4 creatures vanquished.

Grand Total: 89 creatures vanquished

Notes
Turn   | Place    | Note
-------+----------+-------------------------------------------
     0 | D:1      | Mesmaeker13 the Mummy Summoner began the quest for the Orb.
     0 | D:1      | Reached XP level 1. HP: 13/13 MP: 4/4
   513 | D:1      | Reached skill level 3 in Spellcasting
   609 | D:1      | Reached XP level 2. HP: 19/19 MP: 6/6
  1245 | D:1      | Learned a level 2 spell: Call Imp
  1389 | D:2      | Reached XP level 3. HP: 20/24 MP: 4/7
  1588 | D:2      | Found a faded altar of an unknown god.
  2076 | D:2      | Learned a level 3 spell: Call Canine Familiar
  2416 | D:3      | Found a shimmering altar of Xom.
  2442 | D:3      | Found an iron altar of Okawaru.
  2535 | D:3      | Found an ornate altar of the Wu Jian Council.
  3196 | D:4      | Reached XP level 4. HP: 27/30 MP: 9/9
  3388 | D:4      | Learned a level 4 spell: Summon Lightning Spire
  3401 | D:5      | Entered Level 5 of the Dungeon
  3402 | D:5      | Noticed a black bear
  3438 | D:4      | Killed a black bear
  3439 | D:4      | Reached skill level 1 in Shields
  3439 | D:4      | Reached skill level 4 in Spellcasting
  3739 | D:5      | Noticed a centaur
  4458 | D:5      | Noticed a necrophage
  4469 | D:5      | Killed a necrophage
  4470 | D:5      | Reached XP level 5. HP: 35/35 MP: 5/11
  4621 | D:5      | Killed a centaur
  4624 | D:5      | Reached XP level 6. HP: 18/41 MP: 13/13
  4802 | D:5      | Found a bloodstained altar of Trog.
  4850 | D:5      | Reached skill level 5 in Spellcasting
  5347 | D:5      | Found an ancient bone altar of Kikubaaqudgha.
  5347 | D:5      | Noticed Menkaure
  5375 | D:5      | Killed Menkaure
  5808 | D:6      | Reached XP level 7. HP: 35/46 MP: 13/15
  6167 | D:6      | Reached skill level 5 in Summonings
  6167 | D:6      | Reached skill level 1 in Air Magic
  6193 | D:6      | Reached skill level 6 in Spellcasting
  6516 | D:6      | Found a staircase to the Ecumenical Temple.
  6564 | D:6      | Slain by a wyvern zombie

Illustrated notes

Levels and vault maps discovered:
D:1:      dpeg_arrival_round_b, layout_basic
D:2:      layout_basic, shapermc_ecumenical_altar_starsandcircs
D:3:      layout_rooms, xom_teletrap_fun, general_overflow_altar,
          pdpol_wu_jian_five_deadly_venoms, chequers_serial_rivers_micro_d
D:4:      layout_basic, minmay_splitting_lines
D:5:      layout_cave_pools, marbit_many_paths, kennysheep_little_box,
          amcnicky_altar_gilded, fountainhead, uniq_menkaure
D:6:      layout_loops_ring, minmay_temple_entry_glassed_door, serial_undead,
          serial_undead_f, serial_undead_f, serial_undead_b, serial_undead_a,
          serial_undead_a, serial_undead_e, eino_tiny_chamber,
          corexii_hall_statues_l

Skill      XL: |  1  2  3  4  5  6  7 |
---------------+----------------------+-----
Spellcasting   | 3 4 5 6 |  6.1
Dodging        | 2 |  2.1
Shields        | 1 2 3 |  3.2
Summonings     | 4 5 |  5.1
Air Magic      | 1 |  1.3
Stealth        | |  1.5

Action                   |  1- 3 |  4- 6 |  7- 9 || total
-------------------------+-------+-------+-------++-------
Melee: Dagger            |    66 |    37 |     4 ||   107
       Mace              |       |       |    27 ||    27
Throw: Dart              |     1 |       |       ||     1
 Cast: Summon Small Mamm |    32 |     2 |       ||    34
       Call Imp          |    23 |    27 |    10 ||    60
       Call Canine Famil |     1 |    12 |     5 ||    18
       Summon Lightning  |       |       |     2 ||     2
  Use: Scroll            |     1 |     3 |       ||     4
 Stab: Sleeping          |     2 |     1 |       ||     3
       Distracted        |       |       |     1 ||     1
Armor: Robe              |    20 |    22 |       ||    42
       Leather armour    |       |       |    27 ||    27
Dodge: Dodged            |    56 |    76 |    31 ||   163
Block: Buckler           |       |     2 |    11 ||    13

Table legend: (Time is in decaauts)
 A = Elapsed time spent in this place.
 B = Non-inter-level travel time spent in this place.
 C = Inter-level travel time spent in this place.
 D = Time resting spent in this place.
 E = Time spent auto-exploring this place.
 F = Levels seen in this place.
 G = Mean time per level.
                   A        B        C        D        E       F      G
               +--------+--------+--------+--------+--------+-----+--------+
         Total |   6578 |   6295 |    283 |   1992 |   2722 |   6 | 1096.3 |
       Dungeon |   6578 |   6295 |    283 |   1992 |   2722 |   6 | 1096.3 |
               +--------+--------+--------+--------+--------+-----+--------+

Top non-repeatable levels by time:
     D:4: 1628 daAuts
     D:1: 1244 daAuts
     D:5: 1227 daAuts
     D:2: 980 daAuts
     D:6: 936 daAuts
     D:3: 561 daAuts
